cohdb
Replays
Latest Replays
All Replays
Popular Replays
Top Player Replays
Match Explorer
How It Works
Community
CoH3 Stats
Reddit
Sign in to upload your games and track your stats! →
Sign in with Steam
Match 41809061
Unlisted
Match 41809061
Overview
Messages
Build Orders
End
Royal Engineer Section
Construct Section Command Post
Selects Heavy Armor Battlegroup
Dingo Light Scout Car
Infantry Section
Construct Platoon Command Post
Infantry Section
Selects Rigorous Vehicle Training
Unlock M3 Stuart Light Tanks
M3 Stuart Light Tank
Selects Forward Repair Assembly
ML 3-inch Mortar Team
Forward Retreat Point
CMP 15cwt Truck
Construct Company Command Post
Infantry Section
Selects UNKNOWN (2162094)
Construct Company Command Post
6-pounder Anti-tank Gun Team
6-pounder Anti-tank Gun Team
Infantry Training
Construct Company Command Post
Tok3n x Operator
MonoChrome
Gosling Svodovich
DRETT1
0
0
Comments
sign in to comment!
No comments posted yet!